 Dungeon Crawl Stone Soup version 0.29.1-14-g9c671dbff4 (webtiles) character file.

Game seed: 3925160396691881754

131 booth the Caller (level 5, -3/40 HPs)
             Began as a Gnoll Wanderer on Feb 20, 2023.
             Killed from afar by Terence (17 damage)
             ... with a bolt of light
             ... on level 3 of the Dungeon on Feb 21, 2023.
             The game lasted 00:25:32 (3259 turns).

booth the Caller (Gnoll Wanderer)                   Turns: 3259, Time: 00:25:33

Health: -3/40      AC:  3    Str:  9    XL:     5   Next: 14%
Magic:  10/12      EV: 12    Int: 14    God:
Gold:   135        SH:  0    Dex: 13    Spells: 2/14 levels left

rFire   . . .      SeeInvis .   a - +0 dagger
rCold   . . .      Faith    .   d - +0 buckler
rNeg    . . .      Spirit   .   c - +0 robe
rPois   .          Reflect  .   (no helmet)
rElec   .          Harm     .   (no cloak)
rCorr   .          Rampage  .   (no gloves)
Will    .....                   l - +0 pair of boots
Stlth   +.........              (no amulet)
HPRegen 0.13/turn               (no ring)
MPRegen 0.13/turn               (no ring)

@: confused, very slightly contaminated
A: fangs 1, strong nose, distributed training
a: no special abilities


You were on level 3 of the Dungeon.
You visited 1 branch of the dungeon, and saw 3 of its levels.

You collected 135 gold pieces.

Inventory:

Hand Weapons
 a - a +0 dagger (weapon)
Armour
 c - a +0 robe (worn)
 d - a +0 buckler (worn)
 k - a +2 leather armour of cold resistance
 l - a +0 pair of boots (worn)
Scrolls
 b - a scroll of blinking
 e - 2 scrolls of vulnerability
 n - a scroll of identify {unknown}
 o - a scroll of summoning {unknown}
Potions
 g - a potion of lignification {unknown}
 h - 2 potions of mutation {unknown}
 j - 2 potions of degeneration {unknown}
 m - a potion of curing {unknown}


   Skills:
 + Level 2.9 Fighting
 + Level 1.4 Short Blades
 + Level 1.4 Long Blades
 + Level 1.4 Axes
 + Level 1.4 Maces & Flails
 + Level 1.4 Polearms
 + Level 1.4 Staves
 + Level 1.4 Ranged Weapons
 + Level 1.4 Throwing
 + Level 1.4 Armour
 + Level 2.9 Dodging
 + Level 1.4 Stealth
 + Level 2.9 Shields
 + Level 1.4 Unarmed Combat
 + Level 5.2 Spellcasting
 + Level 1.1 Conjurations
 + Level 1.1 Hexes
 + Level 5.5 Summonings
 + Level 1.1 Necromancy
 + Level 1.1 Translocations
 + Level 1.1 Transmutations
 + Level 1.1 Fire Magic
 + Level 1.1 Ice Magic
 + Level 1.1 Air Magic
 + Level 2.3 Earth Magic
 + Level 1.1 Poison Magic
 + Level 1.6 Invocations
 + Level 2.9 Evocations


You had 2 spell levels left.
You knew the following spells:

 Your Spells              Type           Power      Damage    Failure   Level
a - Summon Small Mammal   Summ           76%        N/A       2%          1
b - Sandblast             Erth           20%        2d7       9%          1
c - Call Canine Familiar  Summ           19%        N/A       7%          3
d - Stone Arrow           Conj/Erth      16%        3d8       32%         3
e - Summon Ice Beast      Ice/Summ       13%        N/A       50%         4

Your spell library contained the following spells:

 Spells                   Type           Power      Damage    Failure   Level


Dungeon Overview and Level Annotations

Branches:
Dungeon (3/15)

Altars:
Elyvilon
Ru

Shops:
D:2 *   D:3 [

Annotations:
D:3 Terence


Innate Abilities, Weirdness & Mutations

You have very sharp teeth.
Your uncanny sense of smell can sniff out nearby items.
Your experience applies equally to all skills.


Message History

Magic restored.
You swap places.
There is a stone staircase leading down here.
There is a stone staircase leading down here.
Your hound disappears in a puff of smoke!
Found an emerald ring.
Casting: Sandblast (safe; 9% risk of failure)
Confirm with . or Enter, or press ? or * to list all spells.
Terence shouts!
An endoplasm comes into view.
Terence zaps a wand.
The bolt of light hits your hound! The bolt of light hits you!
Terence closely misses your hound.
Your hound bites Terence but does no damage.
Your hound bites Terence but does no damage.
Something closely misses your hound. Terence closely misses your hound.
Your hound bites Terence.
Your hound bites Terence.
Something completely misses your hound.
Terence zaps a wand.
The bolt of light misses your hound. The bolt of light misses you.
Your hound bites the endoplasm.
The endoplasm barely misses your hound.
Terence zaps a wand.
The bolt of light hits the endoplasm!
The endoplasm dies!
The bolt of light hits your hound!!
Your hound dies!
Your hound's corpse disappears in a puff of smoke!
The bolt of light hits you!
Casting: Call Canine Familiar (dangerous; 7% risk of failure)
Confirm with . or Enter, or press ? or * to list all spells.
You can't see any susceptible monsters within range! (Use Z to cast anyway.)
Casting: Call Canine Familiar (dangerous; 7% risk of failure)
Confirm with . or Enter, or press ? or * to list all spells.
Aiming: Sandblast (safe; 9% risk of failure)
Press: ? - help, Shift-Dir - straight line, f - Terence
Aim: Terence, wielding a +7 flail of holy wrath, wearing a +0 chain mail and carrying a wand of light (3) (moderately wounded, 87% to hit)
You miscast Sandblast.
You are very lightly contaminated with residual magic.
Nothing appears to happen.
Terence zaps a wand.
The bolt of light hits you!
You are confused.
You die...

......####...###
#.#
#####....>.....#
#.#
######.###......
###.# #.# ######
#...#∆ #.# #.###
. #.# #.# ..
##.## #.# #..
###...#######
#.##... ###
#......@..@.#
#...... ..#
#.#...#####.#
#.<#... #.#
#.##.######.#
.........S#. #.#
# #@.....#.#
######...... #.#
###@.h@=..
#...#.# #.#
.##.... .......
#.# # #.##
###...##
######## #.#
#.$.#


#PPP.P# ....# You could see Terence.

Vanquished Creatures
  2 adders (D:2)
  A dart slug (D:1)
  2 endoplasms (D:1)
  2 giant cockroaches (D:1)
  2 goblins (D:1)
  5 hobgoblins
  A jackal (D:2)
  A quokka (D:2)
  5 ball pythons (D:1)
  9 bats
  A frilled lizard (D:2)
  5 kobolds
  6 rats
42 creatures vanquished.

Vanquished Creatures (collateral kills)
  A hound (D:3)
  An adder (D:3)
  A worm (D:3)
  An orc (D:3)
  2 ball pythons
  A giant cockroach (D:2)
  4 hobgoblins
  3 jackals (D:2)
  3 bats (D:1)
  A kobold (D:1)
  3 rats
21 creatures vanquished.

Vanquished Creatures (others)
  An endoplasm (D:3)
  A kobold (D:3)
2 creatures vanquished.

Grand Total: 65 creatures vanquished

Notes
Turn   | Place    | Note
-------+----------+-------------------------------------------
     0 | D:1      | booth the Gnoll Wanderer began the quest for the Orb.
     0 | D:1      | booth set off with the following items: a +0 dagger, a
                  | scroll of blinking, a +0 robe, a +0 buckler; and the
                  | following spells available to memorise: Summon Small
                  | Mammal, Call Canine Familiar, Sandblast, Stone Arrow,
                  | Summon Ice Beast.
     0 | D:1      | Reached XP level 1. HP: 17/17 MP: 6/6
     2 | D:1      | Learned a level 1 spell: Summon Small Mammal
     4 | D:1      | Learned a level 1 spell: Sandblast
   623 | D:1      | Reached XP level 2. HP: 16/23 MP: 5/7
  1165 | D:1      | Reached skill level 5 in Spellcasting
  1165 | D:1      | Reached XP level 3. HP: 28/28 MP: 6/9
  1372 | D:1      | Reached skill level 1 in Invocations
  1497 | D:2      | Reached skill level 1 in Short Blades
  1497 | D:2      | Reached skill level 1 in Long Blades
  1497 | D:2      | Reached skill level 1 in Axes
  1497 | D:2      | Reached skill level 1 in Maces & Flails
  1497 | D:2      | Reached skill level 1 in Polearms
  1497 | D:2      | Reached skill level 1 in Staves
  1497 | D:2      | Reached skill level 1 in Ranged Weapons
  1497 | D:2      | Reached skill level 1 in Throwing
  1497 | D:2      | Reached skill level 1 in Armour
  1497 | D:2      | Reached skill level 1 in Stealth
  1497 | D:2      | Reached skill level 1 in Unarmed Combat
  1687 | D:2      | Learned a level 3 spell: Call Canine Familiar
  1691 | D:2      | Learned a level 3 spell: Stone Arrow
  1887 | D:2      | Reached XP level 4. HP: 34/34 MP: 9/11
  1892 | D:2      | Learned a level 4 spell: Summon Ice Beast
  2310 | D:2      | Found Lodwass's General Store.
  2453 | D:3      | Noticed Terence
  2521 | D:3      | Found Meummoty's Armour Emporium.
  2595 | D:3      | Reached skill level 1 in Conjurations
  2595 | D:3      | Reached skill level 1 in Hexes
  2595 | D:3      | Reached skill level 1 in Necromancy
  2595 | D:3      | Reached skill level 1 in Translocations
  2595 | D:3      | Reached skill level 1 in Transmutations
  2595 | D:3      | Reached skill level 1 in Fire Magic
  2595 | D:3      | Reached skill level 1 in Ice Magic
  2595 | D:3      | Reached skill level 1 in Air Magic
  2595 | D:3      | Reached skill level 1 in Poison Magic
  2751 | D:3      | Reached XP level 5. HP: 40/40 MP: 8/12
  2760 | D:3      | Found a white marble altar of Elyvilon.
  3031 | D:3      | Found a sacrificial altar of Ru.
  3259 | D:3      | Killed from afar by Terence

Illustrated notes

Levels and vault maps discovered:
D:1:      dpeg_arrival_circle_labyrinth_a, layout_basic
D:2:      layout_basic, serial_shops, shop, minmay_misc_feat_diagonals
D:3:      layout_loops_ring, mainiacjoe_overflow_tiny_flanked,
          nicolae_ru_the_path_less_chosen, serial_shops, nicolae_diamond_shop,
          uniq_terence

Skill      XL: |  1  2  3  4 |
---------------+-------------+-----
Earth Magic    | 2 |  2.3
Spellcasting   | 5 |  5.2
Invocations    | 1 |  1.6
Short Blades   | 1 |  1.4
Long Blades    | 1 |  1.4
Axes           | 1 |  1.4
Maces & Flails | 1 |  1.4
Polearms       | 1 |  1.4
Staves         | 1 |  1.4
Ranged Weapons | 1 |  1.4
Throwing       | 1 |  1.4
Armour         | 1 |  1.4
Stealth        | 1 |  1.4
Unarmed Combat | 1 |  1.4
Conjurations   | 1 |  1.1
Hexes          | 1 |  1.1
Necromancy     | 1 |  1.1
Translocations | 1 |  1.1
Transmutations | 1 |  1.1
Fire Magic     | 1 |  1.1
Ice Magic      | 1 |  1.1
Air Magic      | 1 |  1.1
Poison Magic   | 1 |  1.1
Fighting       | |  2.9
Dodging        | |  2.9
Shields        | |  2.9
Summonings     | |  5.5
Evocations     | |  2.9

Action                   |  1- 3 |  4- 6 || total
-------------------------+-------+-------++-------
Melee: Dagger            |    69 |    48 ||   117
       Bite              |     1 |     4 ||     5
 Cast: Summon Small Mamm |    14 |     3 ||    17
       Sandblast         |    23 |     3 ||    26
       Call Canine Famil |     1 |     9 ||    10
  Use: Scroll            |       |     4 ||     4
       Potion            |       |     1 ||     1
Armor: Robe              |    21 |    18 ||    39
Dodge: Dodged            |    63 |    32 ||    95
Block: Buckler           |    14 |    15 ||    29
